 Dungeon Crawl Stone Soup version 0.31.0-32-g396128a36d (webtiles) character file.

Game seed: 13606741310830251345

476 Curundu the Chopper (level 6, -3/82 HPs)
             Began as a Minotaur Berserker on Apr 24, 2024.
             Was a Priest of Trog.
             Slain by a gnoll sergeant
             ... wielding a +3 spear of freezing
              (12 damage)
             ... on level 5 of the Dungeon.
             The game lasted 00:07:45 (3332 turns).

Curundu the Chopper (Minotaur Berserker)            Turns: 3332, Time: 00:07:46

Health: -3/82      AC:  9    Str: 24    XL:     6   Next: 85%
Magic:  5/5        EV:  8    Int:  4    God:    Trog [***...]
Gold:   208        SH:  7    Dex:  9    Spells: 5/5 levels left

rFire   . . .        a - +0 hand axe
rCold   . . .        k - +0 kite shield
rNeg    . . .        h - +0 chain mail
rPois   .            (helmet restricted)
rElec   .            (no cloak)
rCorr   .            (no gloves)
SInv    .            (no boots)
Will    .....        (no amulet) Stlth
                     (no ring)
HPRegen 0.33/turn    (no ring)
MPRegen 0.09/turn

%: no passive effects
@: berserking, very quick
A: horns 2, retaliatory headbutt
a: Renounce Religion, Berserk, Trog's Hand


You were on level 5 of the Dungeon.
You worshipped Trog.
Trog was most pleased with you.
You visited 1 branch of the dungeon, and saw 5 of its levels.

You collected 208 gold pieces.

Inventory:

Hand Weapons
 a - a +0 hand axe (weapon)
Armour
 h - a +0 chain mail (worn)
 k - a +0 kite shield (worn)
Jewellery
 e - a +6 ring of dexterity
 j - a +6 ring of dexterity
Wands
 m - a wand of polymorph (5)
Scrolls
 b - a scroll of summoning {unknown}
 c - 2 scrolls of teleportation {unknown}
 g - a scroll of torment {unknown}
 i - a scroll of amnesia {unknown}
 n - a scroll of fog {unknown}
 o - a scroll of silence {unknown}
 p - a scroll of identify {unknown}
 q - a scroll of poison {unknown}
 s - a scroll of blinking {unknown}
Potions
 d - a potion of mutation {unknown}
 f - a potion of might {unknown}
 l - a potion of curing {unknown}
 r - 3 potions of heal wounds {unknown}
 t - a potion of lignification {unknown}
 u - a potion of ambrosia {unknown}
 v - a potion of cancellation {unknown}


   Skills:
 + Level 4.8 Fighting
 + Level 6.5 Axes
 + Level 4.4 Armour
 + Level 3.3 Dodging
 * Level 3.2 Shields


You had 5 spell levels left.
You didn't know any spells.
Your spell library was empty.

Dungeon Overview and Level Annotations

Branches:
Dungeon (5/15)
 Temple: D:4-7

Altars:
Fedhas
Makhleb
Qazlal
Yredelemnul


Innate Abilities, Weirdness & Mutations

You have a pair of horns on your head.
You reflexively headbutt those who attack you in melee.


Message History

You slash the gnoll!
The gnoll is severely wounded.
You barely miss the gnoll sergeant. The gnoll sergeant barely misses you.
You furiously retaliate!
You headbutt the gnoll sergeant! The gnoll hits you with a +0 whip.
You slash the gnoll!
You kill the gnoll!
Trog accepts your kill.
You hit the gnoll sergeant. You block the gnoll sergeant's attack.
You barely miss the gnoll. You headbutt the gnoll!
The gnoll is severely wounded.
You hit the gnoll sergeant.
The gnoll sergeant hits you with a +3 spear of freezing.
The gnoll sergeant freezes you.
The gnoll sergeant hits you with a +3 spear of freezing.
The gnoll sergeant freezes you. The gnoll hits you with a +0 flail.
The gnoll hits you with a +0 whip.
Things that are here:
a +0 whip; a gnoll corpse You closely miss the gnoll.
You hit the gnoll sergeant. You hit the gnoll but do no damage.
The gnoll sergeant hits you with a +3 spear of freezing!
* * * LOW HITPOINT WARNING * * *
The gnoll sergeant freezes you.
* * * LOW HITPOINT WARNING * * *
The gnoll closely misses you. You furiously retaliate!
You headbutt the gnoll! The gnoll hits you but does no damage.
A red film seems to cover your vision as you go berserk!
You feel yourself moving faster!
You feel mighty!
The gnoll sergeant hits you with a +3 spear of freezing!
* * * LOW HITPOINT WARNING * * *
The gnoll sergeant freezes you.
* * * LOW HITPOINT WARNING * * *
The gnoll barely misses you. You block the gnoll's attack.
You slash the gnoll!
You kill the gnoll!
Trog accepts your kill.
You closely miss the gnoll. You hit the gnoll sergeant.
The gnoll sergeant hits you with a +3 spear of freezing!
You die...

... ... ## #.# ..# . #.#
#.##. #.# #... #.#
#..### #
######g######.#..#.# #.
#.....)@g<....#.<#.#
#.###.####)########..#.#
#......................#
##....####.####..##.##.#
#.#..# #.#.....##.##.#
#>#..####.#.....##.##.#
#.#.........##.###.####
####...........##.# #..
#.........#..[....# ###


You could see a gnoll sergeant and a gnoll.

Vanquished Creatures
  A black bear (D:4)
  An ogre (D:4)
  A hound (D:4)
  A jelly (D:3)
  An iguana (D:4)
  2 hound zombies (D:3)
  Robin (D:4)
  3 gnolls (D:5)
  5 adders
  An adder skeleton (D:3)
  A ribbon worm (D:2)
  8 dart slugs
  3 orcs (D:3)
  6 endoplasms
  A giant cockroach (D:2)
  17 goblins
  12 hobgoblins
  9 kobolds
  5 quokkas
  5 ball pythons
  A ball python skeleton (D:3)
  A ball python zombie (D:3)
  4 bats
  5 frilled lizards
  A quokka skeleton (D:3)
  4 rats
100 creatures vanquished.

Notes
Turn   | Place    | Note
-------+----------+-------------------------------------------
     0 | D:1      | Curundu the Minotaur Berserker began the quest for the Orb.
     0 | D:1      | Reached XP level 1. HP: 19/19 MP: 0/0
   308 | D:1      | Reached skill level 4 in Axes
   308 | D:1      | Reached XP level 2. HP: 24/27 MP: 1/1
   420 | D:1      | Found a faded altar of an unknown god.
   728 | D:1      | Reached XP level 3. HP: 32/33 MP: 2/2
   852 | D:2      | Reached ** piety under Trog
   964 | D:2      | Found a basalt altar of Yredelemnul.
  1218 | D:2      | Reached XP level 4. HP: 40/40 MP: 3/3
  1705 | D:3      | Reached skill level 5 in Axes
  1743 | D:3      | Reached skill level 1 in Shields
  1969 | D:3      | Reached XP level 5. HP: 47/47 MP: 4/4
  2087 | D:3      | Reached *** piety under Trog
  2265 | D:3      | Found a blossoming altar of Fedhas.
  2493 | D:4      | Noticed a black bear
  2504 | D:4      | Killed a black bear
  2607 | D:4      | Reached XP level 6. HP: 53/53 MP: 5/5
  2642 | D:4      | Noticed Robin
  2658 | D:4      | Killed Robin
  2659 | D:4      | Reached skill level 6 in Axes
  2936 | D:4      | Found a burning altar of Makhleb.
  3095 | D:4      | Found a stormy altar of Qazlal.
  3271 | D:5      | Entered Level 5 of the Dungeon
  3332 | D:5      | Slain by a gnoll sergeant

Illustrated notes

Levels and vault maps discovered:
D:1:      wander_arrival_desolate, layout_loops_cross,
          nicolae_ecumenical_snake_handling
D:2:      wad_river_or_something, layout_basic, basic_altar
D:3:      layout_loops_ring, lemuel_doored_altar, serial_undead,
          serial_undead_d, serial_undead_d, serial_undead_d, serial_undead_a
D:4:      layout_basic, mainiacjoe_overflow_catwalk,
          mainiacjoe_overflow_chevrons, uniq_robin
D:5:      layout_basic, mainiacjoe_overflow_surrounded_room,
          overflow_temple_1_default, minmay_temple_entry_large_hall,
          serial_library_hellmonk_hallway_a, dk_noncrumbling_2

Skill      XL: |  1  2  3  4  5  6 |
---------------+-------------------+-----
Axes           | 4 5 6 |  6.5
Fighting       | 4 |  4.8
Armour         | 3 4 |  4.4
Shields        | 1 2 3 |  3.2
Dodging        | 3 |  3.3

Action                     |  1- 3 |  4- 6 || total
---------------------------+-------+-------++-------
  Melee: Hand axe          |    82 |   156 ||   238
         Headbutt          |    13 |    23 ||    36
 Invoke: Berserk           |       |     1 ||     1
 Armour: Animal skin       |    18 |       ||    18
         Chain mail        |    46 |   121 ||   167
  Dodge: Dodged            |    48 |    62 ||   110
  Block: Kite shield       |       |    52 ||    52
